 Dungeon Crawl Stone Soup version 0.31-a0-1237-gabc64e778c (webtiles) character file.

Game seed: 2019749947844705751

1693388 backslashecho the Impregnable (level 25, 206/206 (216) HPs)
             Began as a Minotaur Fighter on Dec 16, 2023.
             Was the Champion of Dithmenos.
             Escaped with the Orb
             ... and 3 runes!
             The game lasted 03:48:06 (63736 turns).

backslashecho the Impregnable (Minotaur Fighter)   Turns: 63736, Time: 03:48:07

HP:   206/206 (216) AC: 39    Str: 32    XL:     25   Next: 4%
MP:   31/31         EV: 19    Int: 11    God:    Dithmenos [******]
Gold: 1003          SH: 22    Dex: 15    Spells: 23/24 levels left

rFire   + + .        a - +9 broad axe (heavy)
rCold   . . .        q - +7 kite shield of a Labyrinth {+Inv rN+ rCorr Int+2}
rNeg    + . .        S - +5 storm dragon scales
rPois   +            (helmet unavailable)
rElec   +            G - +2 cloak
rCorr   +            u - +2 pair of gloves
SInv    +            M - +2 pair of boots
Will    ++...        V - amulet of regeneration
Stlth   ++           n - ring "Faepyreg" {rPois Str+6 SInv}
HPRegen 1.34/turn    s - ring of protection from fire
MPRegen 0.22/turn

%: no passive effects
@: wreathed by umbra, studying Fire Magic, lightly drained
A: horns 3, retaliatory headbutt, clever 1, fire resistance 1, frail 1,
strong-willed 1, shaggy fur 1, inability to drink after injury 1
0: Orb of Zot
}: 3/15 runes: barnacled, abyssal, gossamer
a: Renounce Religion, Evoke Invisibility, Shadow Step, Shadow Form


You escaped.
You worshipped Dithmenos.
Dithmenos was exalted by your worship.
You visited 10 branches of the dungeon, and saw 47 of its levels.
You visited the Abyss 1 time.
You also visited: Ice Cave, Volcano and Desolation.

You collected 6147 gold pieces.
You spent 5144 gold pieces at shops.

Inventory:

Hand Weapons
 a - a +9 heavy broad axe (weapon)
 e - a +0 flail of protection
Missiles
 p - 6 curare-tipped darts
 y - 70 poisoned darts
 D - 3 throwing nets
 E - 9 javelins (quivered)
Armour
 i - a +0 tower shield of protection
 q - the +7 kite shield of a Labyrinth (worn) {+Inv rN+ rCorr Int+2}
   (You acquired it in an ice cave)

   Int+2:     It affects your intelligence (+2).
   rN+:       It protects you from negative energy.
   +Inv:      It lets you turn invisible.
   rCorr:     It protects you from acid and corrosion.
 u - a +2 pair of gloves (worn)
 G - a +2 cloak (worn)
 H - +0 ice dragon scales
 M - a +2 pair of boots (worn)
 O - a +2 hat
 S - +5 storm dragon scales (worn)
Jewellery
 b - a ring of positive energy
 n - the ring "Faepyreg" (left hand) {rPois Str+6 SInv}
   (You found it in the Desolation of Salt)

   [ring of see invisible]

   Str+6:     It affects your strength (+6).
   rPois:     It protects you from poison SInv: It lets you see invisible.
 o - a ring of willpower
 s - a ring of protection from fire (right hand)
 B - the ring of the Evil One {Fly rCorr Str-3 Slay+3}
   (You found it in the Desolation of Salt)

   [ring of resist corrosion]

   Str-3:     It affects your strength (-3).
   Slay+3:    It affects your accuracy & damage with ranged weapons and melee
   (+3).
   Fly:       It grants you flight.
   rCorr:     It protects you from acid and corrosion.
 N - a ring of protection from cold
 V - an amulet of regeneration (around neck)
Wands
 C - a wand of flame (72)
 K - a wand of digging (2)
 P - a wand of mindburst (36)
 R - a wand of charming (51)
 W - a wand of acid (2)
 Z - a wand of iceblast (20)
Scrolls
 d - a scroll of fog
 g - 2 scrolls of silence
 l - a scroll of fear
 m - 13 scrolls of vulnerability
 v - 8 scrolls of teleportation
 x - 8 scrolls of poison
 z - 5 scrolls of immolation
 J - 2 scrolls of butterflies
Potions
 c - 21 potions of curing
 f - 4 potions of cancellation
 h - 5 potions of berserk rage
 k - 4 potions of mutation
 w - a potion of might
 F - 5 potions of ambrosia
 U - 2 potions of enlightenment
 X - 2 potions of invisibility
 Y - 2 potions of heal wounds
Miscellaneous
 t - a lightning rod (4/4)
 L - a tin of tremorstones (2/2)
 T - a phantom mirror


   Skills:
 + Level 22.4 Fighting
 - Level 18.0 Axes
 - Level 16.0 Throwing
 + Level 23.8 Armour
 - Level 21.0 Dodging
 - Level 13.2 Stealth
 - Level 18.0 Shields
 - Level 13.0 Invocations
 - Level 12.0 Evocations


You had 23 spell levels left.
You knew the following spells:

 Your Spells              Type           Power      Damage    Failure   Level
a - Apportation           Tloc           0%         N/A       67%         1

Your spell library contained the following spells:

 Spells                   Type           Power      Damage    Failure   Level
 Freeze                   Ice            0%         1d3       67%         1
 Necrotise                Necr           0%         1d4       67%         1
 Sandblast                Erth           0%         2d4       67%         1
 Shock                    Conj/Air       0%         1d3       67%         1
 Slow                     Hex            0%         N/A       67%         1
 Summon Small Mammal      Summ           0%         N/A       67%         1
 Cigotuvi's Dreadful Rot  Necr/Pois/Air  0%         N/A       82%         2
 Ensorcelled Hibernation  Hex/Ice        0%         N/A       82%         2
 Jinxbite                 Hex            0%         N/A       82%         2
 Momentum Strike          Conj/Tloc      0%         3d8       82%         2
 Poisonous Vapours        Pois/Air       0%         N/A       82%         2
 Sublimation of Blood     Necr           0%         N/A       82%         2
 Wereblood                Tmut           0%         N/A       82%         2
 Confusing Touch          Hex            0%         N/A       96%         3
 Dazzling Flash           Conj/Hex       0%         N/A       96%         3
 Frozen Ramparts          Ice            0%         1d1       96%         3
 Hailstorm                Conj/Ice       0%         3d5       96%         3
 Ignite Poison            Fire/Tmut/Pois 0%         N/A       96%         3
 Mephitic Cloud           Conj/Pois/Air  0%         N/A       96%         3
 Ozocubu's Armour         Ice            0%         N/A       96%         3
 Sigil of Binding         Hex            0%         N/A       96%         3
 Stone Arrow              Conj/Erth      0%         3d7       96%         3
 Summon Guardian Golem    Hex/Summ       0%         N/A       96%         3
 Swiftness                Air            0%         N/A       96%         3
 Tukima's Dance           Hex            0%         N/A       96%         3
 Vampiric Draining        Necr           0%         2d6       96%         3
 Volatile Blastmotes      Fire/Tloc      0%         2d10      96%         3
 Airstrike                Air            0%         2d(0-16)  100%        4
 Anguish                  Hex/Necr       0%         N/A       100%        4
 Animate Armour           Summ/Erth      0%         N/A       100%        4
 Animate Dead             Necr           0%         N/A       100%        4
 Cause Fear               Hex            0%         N/A       100%        4
 Dimensional Bullseye     Hex/Tloc       0%         N/A       100%        4
 Dispel Undead            Necr           0%         3d6       100%        4
 Flame Wave               Conj/Fire      0%         2d4       100%        4
 Fulminant Prism          Conj/Hex       0%         3d5       100%        4
 Iskenderun's Mystic Bla  Conj/Tloc      0%         2d3       100%        4
 Leda's Liquefaction      Hex/Erth       0%         N/A       100%        4
 Manifold Assault         Tloc           0%         N/A       100%        4
 Passage of Golubria      Tloc           0%         N/A       100%        4
 Petrify                  Tmut/Erth      0%         N/A       100%        4
 Sticky Flame             Conj/Fire      0%         2d3       100%        4
 Summon Ice Beast         Ice/Summ       0%         N/A       100%        4
 Vhi's Electric Charge    Tloc/Air       0%         N/A       100%        4
 Agony                    Necr           0%         N/A       100%        5
 Alistair's Intoxication  Tmut/Pois      0%         N/A       100%        5
 Arcjolt                  Conj/Air       0%         1d10      100%        5
 Borgnjor's Vile Clutch   Necr/Erth      0%         N/A       100%        5
 Fireball                 Conj/Fire      0%         3d3       100%        5
 Freezing Cloud           Conj/Ice/Air   0%         6-21      100%        5
 Irradiate                Conj/Tmut      0%         3d11      100%        5
 Lee's Rapid Deconstruct  Erth           0%         3d4*      100%        5
 Metabolic Englaciation   Hex/Ice        0%         N/A       100%        5
 Silence                  Hex/Air        0%         N/A       100%        5
 Summon Forest            Summ/Tloc      0%         N/A       100%        5
 Summon Mana Viper        Hex/Summ       0%         N/A       100%        5
 Yara's Violent Unravell  Hex/Tmut       0%         3d3       100%        5
 Bombard                  Conj/Erth      0%         9d1       100%        6
 Conjure Ball Lightning   Conj/Air       0%         3x3d6     100%        6
 Death Channel            Necr           0%         N/A       100%        6
 Dispersal                Tloc           0%         N/A       100%        6
 Plasma Beam              Fire/Air       0%         2x1d10    100%        6
 Simulacrum               Ice/Necr       0%         N/A       100%        6
 Enfeeble                 Hex            0%         N/A       100%        7
 Haunt                    Necr/Summ      0%         N/A       100%        7
 Monstrous Menagerie      Summ           0%         N/A       100%        7
 Ozocubu's Refrigeration  Ice            0%         4d7       100%        7
 Summon Hydra             Summ           0%         N/A       100%        7
 Disjunction              Tloc           0%         N/A       100%        8
 Infestation              Necr           0%         N/A       100%        8
 Lehudib's Crystal Spear  Conj/Erth      0%         10d2      100%        8
 Dragon's Call            Summ           0%         N/A       100%        9
 Polar Vortex             Ice            0%         N/A       100%        9


Dungeon Overview and Level Annotations

Branches:
Dungeon (15/15)            Temple (1/1) D:6            Lair (5/5) D:11
 Shoals (4/4) Lair:3       Spider (4/4) Lair:3        Slime (0/5) Lair:5
    Orc (2/2) D:9             Elf (3/3) Orc:2        Vaults (4/5) D:14
  Crypt (0/3) Vaults:2     Depths (4/4) D:15            Zot (5/5) Depths:4
  IceCv (visited)         Volcano (visited)         Desolation (visited)

Altars:
Ashenzari
Cheibriados
Dithmenos
Elyvilon
Fedhas
Gozag
Hepliaklqana
Kikubaaqudgha
Makhleb
Nemelex Xobeh
Okawaru
Qazlal
Ru
Sif Muna
Trog
Uskayaw
Vehumet
Wu Jian
Xom
Yredelemnul
Zin
The Shining One
Jiyva
Lugonu

Shops:
D:9 [   D:10 !   D:12 [   D:15 *   Orc:2 =:[!   Elf:2 *(   Shoals:2 !
Shoals:3 **   Shoals:4 (   Vaults:4 (   Depths:1 [

Portals:
Hell: Lair:5 Depths:1 Depths:2 Depths:3 Depths:4
Abyss: Depths:2 Depths:3 Depths:4
Pandemonium: Depths:1 Depths:2 Depths:3 Depths:4
Ziggurat: Depths:4
Trove: Depths:3 (give 7 scrolls of fear)

Annotations:
Lair:4 2 transporters, Tollund's ghost, journeyman DsFE
Elf:2 3 runed translucent doors, exclusion: 3 doors
Depths:2 exclusion: downstairs
Depths:4 exclusions: draconian stormcaller and 3 more exclusions
Zot:5 3 exclusions


Innate Abilities, Weirdness & Mutations

You have a pair of large horns on your head.
You reflexively headbutt those who attack you in melee.
Your mind is acute. (Int +4, Str/Dex -1)
Your flesh is heat resistant. (rF+)
You are frail. (-10% HP)
You are strong-willed. (Will+)
You are covered in fur. (AC +1)
You occasionally lose the ability to drink potions when taking damage.


Message History

The demonspawn black sun blocks your attack.
Your headbutt misses the demonspawn black sun.
The demonspawn black sun is almost dead.
You block the demonspawn black sun's attack. x2
You slice the demonspawn black sun!!
You kill the demonspawn black sun!
Dithmenos accepts your kill.
You block the demonspawn warmonger's attack.
You regained 2 hp, and now have 191/204 hp.
You block the demonspawn warmonger's attack. x2
The demonspawn warmonger gores you but does no damage.
Items here: ) [[ †.
You hit the demonspawn warmonger but do no damage.
The demonspawn warmonger is severely wounded.
You block the demonspawn warmonger's attack.
The demonspawn warmonger claws you but does no damage.
You block the demonspawn warmonger's attack.
You regained 2 hp, and now have 194/204 hp.
You carve the demonspawn warmonger like a ham!!!
You kill the demonspawn warmonger!
Dithmenos accepts your kill.
You slice the lorocyproca!! Your headbutt misses the lorocyproca.
The lorocyproca is moderately wounded.
Your shadow completely misses the lorocyproca.
The lorocyproca misses you. You furiously retaliate!
You headbutt the lorocyproca!!
You regained 2 hp, and now have 197/205 hp.
You slice the lorocyproca like a ripe choko!!!
You kill the lorocyproca!
Dithmenos accepts your kill.
No target in view!
Your magic seems less tainted.
HP restored.
There is a stone staircase leading up here.
You climb upwards.
There is a stone staircase leading down here.
You open the door.
There is an open door here.
There is a stone staircase leading up here.
You climb upwards.
There is a stone staircase leading down here.
There is a stone staircase leading up here.
You climb upwards.
There is a stone staircase leading down here.
There is a stone staircase leading up here.
You climb upwards.
There is a stone staircase leading down here.
There is a staircase leading out of the dungeon here.
Health restored: 206 You have escaped!

#.##.#.#...####...
#.##.#.##.#.......
#.##.#.##.........
####.##.#.####..####.
#.......#.# #..####.
#.##.####.# #.......
#.##.# #.# #..####.
#.##♣♣♣♣♣♣♣♣♣♣.......
#.#♣@.#♣.....♣♣.####.
#.#♣..........♣♣# ##
#.##♣...♣.♣)...♣ #
#..♣.....⌠.....♣ #
###♣....♣.♣....♣#####
♣♣.........♣♣.....
♣♣.......♣♣......
#######♣♣♣...♣♣♣.....##
#........#...# #..##.#


There were no monsters in sight!

Vanquished Creatures
  2 orbs of fire (Zot:5)
  An ancient lich (Zot:5)
  Margery (Vaults:4)
  Xtahua (Depths:4)
  4 Killer Klowns
  Saint Roka (Vaults:4)
  4 caustic shrikes
  A curse toe (Zot:5)
  3 golden dragons
  the Enchantress (Depths:2)
  A Tzitzimitl (Depths:4)
  3 bone dragons
  2 doom hounds (Depths:4)
  Jorgrun (Shoals:3)
  4 electric golems
  12 tentacled monstrosities
  Grunn (Depths:4)
  A lich (Depths:2)
  Asterion (Spider:1)
  25 Orb Guardians
  4 deep elf master archers (Elf:3)
  3 deep elf blademasters (Elf:3)
  5 quicksilver dragons
  7 sphinxes
  A kraken (Shoals:3)
  7 tentacled starspawn
  6 death cobs
  Kirke (Lair:3)
  12 storm dragons
  The ghost of Hiprater the Severer, an adept MiBe of Trog (Shoals:1)
  A revenant (Vaults:2)
  Donald (Spider:1)
  4 tengu reavers
  6 shadow dragons
  Roxanne (Spider:1)
  A demonspawn warmonger (D:5)
  A protean progenitor (Zot:1)
  6 draconian knights
  Louise (Depths:2)
  6 frost giants
  7 deep elf sorcerers
  5 emperor scorpions
  3 fire giants
  16 vault wardens
  3 draconian shifters
  4 deep elf elementalists (Elf:3)
  2 iron dragons
  7 ghost moths
  5 draconian scorchers
  3 reapers
  3 imperial myrmidons (Desolation)
  11 ironbound preservers
  3 spriggan defenders (Depths:2)
  An ophan (Depths:1)
  2 draconian stormcallers
  The ghost of SirDiesAlot the Tainter, a journeyman OpAE of Gozag (Lair:2)
  10 stone giants
  3 formless jellyfish
  2 orc warlords
  2 starflowers (Abyss:5)
  4 draconian annihilators
  13 green draconians
  16 very ugly things
  2 vampire knights (Depths:4)
  3 putrid mouths (Depths:4)
  6 ironbound thunderhulks
  4 broodmothers
  2 lorocyprocas
  A demonspawn black sun (D:5)
  6 black draconians
  A deep elf demonologist (Elf:3)
  A halazid warlock (Desolation)
  A dire elephant (Vaults:1)
  A white draconian (Depths:4)
  13 yellow draconians
  6 spark wasps
  9 red draconians
  6 purple draconians
  6 deep elf annihilators (Elf:3)
  3 crystal guardians
  2 jiangshi (Depths:1)
  4 deep elf death magi
  4 merfolk impalers
  4 ragged hierophants (Desolation)
  7 great orbs of eyes
  8 ettins
  4 fire dragons
  2 merfolk javelineers (Shoals:4)
  A spriggan zombie (Depths:2)
  11 vault guards
  Erolcha (Orc:2)
  11 ice dragons
  8 servants of whispers (Desolation)
  3 deep elf high priests (Elf:3)
  2 entropy weavers
  7 yaktaur captains
  4 rakshasas
  8 hydras
  4 ogre magi
  11 peacekeepers
  5 spriggan air magi
  A hell beast (Depths:4)
  8 boulder beetles
  5 jorogumos
  4 radroaches
  4 merfolk aquamancers
  13 centaur warriors
  6 ironbound frosthearts
  2 catoblepae
  15 two-headed ogres
  15 dancing weapons
  3 alligator snapping turtles
  10 death yaks
  2 merfolk avatars
  6 satyrs
  4 death knights
  A sphinx skeleton (Vaults:2)
  12 tengu warriors
  6 deep troll shamans
  6 deep troll earth magi
  14 demonic crawlers
  2 vampire magi
  An orc high priest (Elf:2)
  3 occultists
  4 spriggan berserkers
  9 thrashing horrors (Abyss:5)
  14 deep elf knights
  11 hell knights
  Sonja (Orc:1)
  2 soul eaters (Depths:1)
  3 sun demons
  4 skysharks
  Amaemon (Lair:3)
  4 wretched stars
  9 pharaoh ants
  3 sun moths
  2 fire crabs (Lair:4)
  A sixfirhy (Lair:5)
  3 iron trolls
  50 deep trolls
  12 glowing orange brains
  An orb spider (shapeshifter) (Depths:3)
  3 orb spiders (Spider:3)
  A sea snake (shapeshifter) (Depths:4)
  A shadow demon (Depths:1)
  11 skeletal warriors
  A glowing orange brain (shapeshifter) (Vaults:1)
  9 sea snakes
  16 deep elf archers
  10 ironbound convokers
  17 lindwurms
  A harpy (shapeshifter) (D:13)
  3 large abominations (Abyss:5)
  2 flayed ghosts (Depths:4)
  10 arcanists
  A swamp dragon (Abyss:4)
  9 necromancers
  33 harpies
  20 deep elf zephyrmancers
  10 steelbarb worms
  23 starcursed masses
  A steelbarb worm (shapeshifter) (D:14)
  8 orc knights
  A fire giant zombie (Depths:2)
  28 ugly things
  A mana viper (shapeshifter) (Elf:1)
  13 wolf spiders
  8 orc sorcerers
  31 deep elf pyromancers
  A frost giant zombie (Depths:3)
  10 manticores
  A cyclops (shapeshifter) (D:13)
  26 fauns
  6 cyclopes
  8 merfolk sirens
  An iron dragon skeleton (Depths:3)
  3 guardian serpents (Desolation)
  A toenail golem (Volcano)
  An apocalypse crab (Abyss:5)
  A rust devil (D:10)
  2 stone giant skeletons
  A human skeleton (Vaults:3)
  5 smoke demons
  18 moths of wrath
  5 elephants (Lair:5)
  3 molten gargoyles
  A fire giant skeleton (Depths:2)
  4 water nymphs
  A frost giant skeleton (Depths:2)
  A kobold blastminer (Orc:2)
  13 vault sentinels
  A gargoyle (D:12)
  7 black mambas
  3 orange demons
  13 cane toads
  7 torpor snails
  4 eyes of devastation (Depths:1)
  A rime drake (shapeshifter) (Elf:1)
  7 komodo dragons
  2 freezing wraiths
  4 tengu conjurers
  2 unseen horrors
  15 yaktaurs
  A kobold demonologist (D:9)
  5 ice devils
  2 efreet (Volcano)
  4 tormentors
  6 rime drakes
  A spectral water nymph (Shoals:1)
  A spectral merfolk (Shoals:1)
  An ancient zyme (Abyss:5)
  4 trolls
  4 polar bears
  9 wind drakes
  18 meliai
  2 red devils
  A human zombie (Vaults:2)
  12 merfolk
  2 polar bears (shapeshifter) (Elf:1)
  46 saltlings
  17 tarantellas
  Grinder (D:3)
  18 blink frogs
  A raiju (shapeshifter) (D:12)
  2 hornets (Depths:4)
  2 raiju (Abyss:5)
  A glass eye (Depths:1)
  A blink frog (shapeshifter) (Elf:1)
  A spectral manticore (Shoals:1)
  9 snapping turtles
  31 slime creatures
  10 dream sheep
  17 water elementals
  Sigmund (D:4)
  4 air elementals
  A culicivora (shapeshifter) (Elf:1)
  29 jumping spiders
  5 centaur simulacra (D:12)
  5 spriggans
  2 vampires
  37 yaks
  14 culicivoras
  9 basilisks
  A spriggan (shapeshifter) (D:14)
  5 wyverns
  2 spectral wind drakes (Shoals:1)
  3 wraiths
  A yak (shapeshifter) (D:12)
  4 hogs (Lair:3)
  3 neqoxecs
  5 fire elementals
  A golden eye (Depths:1)
  A steam dragon (D:9)
  2 basilisks (shapeshifter) (D:12)
  An elf simulacrum (Vaults:2)
  A sea snake simulacrum (Shoals:1)
  43 redbacks
  7 vampire mosquitoes
  5 wargs
  An acid dragon (D:14)
  15 water moccasins
  3 hell hounds (Lair:5)
  18 orc warriors
  A sky beast (D:8)
  A black bear (D:5)
  2 black bears (shapeshifter)
  3 ice beasts
  10 ogres
  10 centaurs
  11 wolves
  2 phantoms
  7 kobold brigands
  9 bullfrogs
  2 merfolk simulacra (Shoals:1)
  5 earth elementals
  A gnoll sergeant (D:5)
  A scorpion (D:5)
  2 cane toad simulacra (IceCv)
  6 wights
  2 human simulacra
  21 killer bees
  2 snapping turtle simulacra (Shoals:1)
  An elephant simulacrum (IceCv)
  3 electric eels
  6 howler monkeys
  2 gnoll boudas (D:7)
  15 orc priests
  4 hounds
  A jelly (D:6)
  Crazy Yiuf (D:3)
  Jessica (D:3)
  5 iguanas
  34 orc wizards
  2 adders
  12 gnolls
  A shadow imp (D:5)
  14 white imps
  2 ufetubi (Abyss:4)
  4 dart slugs
  69 orcs
  6 endoplasms
  A giant cockroach (D:4)
  7 hobgoblins
  16 kobolds
  3 quokkas
  2 ball pythons
  4 bats
  12 frilled lizards
  12 goblins
  7 rats
  6 starspawn tentacles (Abyss:5)
  4 tentacles (Shoals:3)
1995 creatures vanquished.

Vanquished Creatures (others)
  A dread lich (Zot:5)
  A deep elf elementalist (Elf:3)
  A broodmother (Zot:1)
  A great orb of eyes (Depths:1)
  A wolf spider (Spider:3)
  A deep elf zephyrmancer (Elf:1)
  A moth of wrath (Zot:4)
  An eye of devastation (Depths:1)
  A shadow (Abyss:5)
  2 golden eyes (Depths:1)
  A redback (shapeshifter) (D:12)
  26 starspawn tentacles
  3 tentacles (Shoals:3)
41 creatures vanquished.

Grand Total: 2036 creatures vanquished

Notes
Turn   | Place    | Note
-------+----------+-------------------------------------------
     0 | D:1      | backslashecho the Minotaur Fighter began the quest for the
                  | Orb.
     0 | D:1      | Reached XP level 1. HP: 19/19 MP: 0/0
   126 | D:1      | Reached XP level 2. HP: 27/27 MP: 1/1
   492 | D:1      | Reached XP level 3. HP: 33/33 MP: 2/2
  1766 | D:3      | Noticed Grinder
  1778 | D:3      | Killed Grinder
  1779 | D:3      | Reached skill level 5 in Fighting
  1779 | D:3      | Reached skill level 5 in Axes
  1779 | D:3      | Reached skill level 5 in Shields
  1779 | D:3      | Reached XP level 4. HP: 11/42 MP: 3/3
  1779 | D:3      | Reached XP level 5. HP: 13/48 MP: 4/4
  1917 | D:3      | Noticed Jessica
  1919 | D:3      | Reached XP level 6. HP: 46/56 MP: 5/5
  1932 | D:3      | Killed Jessica
  2264 | D:3      | Found a runed translucent door.
  2265 | D:3      | Noticed Crazy Yiuf
  2494 | D:4      | Noticed Sigmund
  2502 | D:4      | Killed Sigmund
  2503 | D:4      | Reached XP level 7. HP: 35/62 MP: 6/6
  3252 | D:5      | Entered Level 5 of the Dungeon
  4089 | D:5      | Reached XP level 8. HP: 51/71 MP: 7/7
  4258 | D:5      | Found a white marble altar of Elyvilon.
  4669 | D:6      | Found a staircase to the Ecumenical Temple.
  4697 | Temple   | Entered the Ecumenical Temple
  4710 | Temple   | Became a worshipper of Dithmenos the Shadowed
  4875 | D:6      | You fall into a shaft and drop 3 floors!
  5135 | D:8      | HP: 2/73 [poisoned by a killer bee]
  5553 | D:3      | Killed Crazy Yiuf
  6037 | D:6      | Reached skill level 10 in Axes
  6446 | D:6      | Reached XP level 9. HP: 44/81 MP: 8/8
  6966 | D:7      | Reached * piety under Dithmenos
  7712 | D:8      | Reached skill level 1 in Throwing
  7712 | D:8      | Reached skill level 1 in Invocations
  7725 | D:8      | Reached ** piety under Dithmenos
  7729 | D:8      | Reached XP level 10. HP: 67/91 MP: 10/10
  8445 | D:9      | Noticed a two-headed ogre
  8462 | D:9      | Killed a two-headed ogre
  8503 | D:9      | Found Feolill's Armour Boutique.
  8508 | D:9      | Found a staircase to the Orcish Mines.
  8964 | D:9      | Reached *** piety under Dithmenos
  9202 | D:9      | Noticed a two-headed ogre
  9206 | D:9      | Killed a two-headed ogre
  9266 | D:10     | Entered Level 10 of the Dungeon
  9761 | D:10     | Found Ralu's Distillery.
  9769 | D:10     | Bought a potion of cancellation for 112 gold pieces
 10070 | D:10     | Reached XP level 11. HP: 91/97 MP: 13/13
 10098 | D:10     | Reached skill level 5 in Throwing
 10098 | D:10     | Reached skill level 5 in Invocations
 10885 | D:11     | Reached skill level 15 in Axes
 11265 | D:11     | Found a staircase to the Lair.
 11397 | D:9      | Bought a +0 plate armour of fire resistance for 390 gold
                  | pieces
 11410 | Orc:1    | Entered Level 1 of the Orcish Mines
 11463 | Orc:1    | Noticed an orc knight
 11485 | Orc:1    | Reached **** piety under Dithmenos
 11548 | D:9      | Killed an orc knight
 11726 | Orc:1    | Reached skill level 4 in Armour
 11816 | Orc:1    | Noticed an orc knight
 11834 | Orc:1    | Killed an orc knight
 12179 | Orc:1    | Noticed an orc sorcerer
 12182 | Orc:1    | Noticed Sonja
 12188 | Orc:1    | Noticed a soul eater
 12189 | Orc:1    | Killed Sonja
 12194 | Orc:1    | Killed an orc sorcerer
 12195 | Orc:1    | Reached skill level 5 in Armour
 12365 | Orc:2    | Entered Level 2 of the Orcish Mines
 12426 | Orc:2    | Found a dark tunnel.
 12426 | Orc:2    | Noticed a lindwurm
 12450 | Orc:2    | Killed a lindwurm
 12693 | Volcano  | Entered a volcano
 12762 | Volcano  | Noticed a lindwurm
 12762 | Volcano  | Noticed a lindwurm
 13087 | Volcano  | Killed a lindwurm
 13091 | Volcano  | Killed a lindwurm
 13092 | Volcano  | Reached XP level 12. HP: 77/104 MP: 16/16
 13351 | Volcano  | Reached skill level 6 in Armour
 14055 | Orc:2    | Noticed an ettin
 14064 | Orc:2    | Killed an ettin
 14068 | Orc:2    | Noticed a two-headed ogre
 14087 | Orc:2    | Killed a two-headed ogre
 14324 | Orc:2    | Reached skill level 7 in Armour
 14354 | Orc:2    | Reached ***** piety under Dithmenos
 14412 | Orc:2    | Found a staircase to the Elven Halls.
 14513 | Orc:2    | Found Zeiczoh's Antique Armour Emporium.
 14645 | Orc:2    | Bought a glowing hat for 252 gold pieces
 14645 | Orc:2    | Bought a glowing buckler for 270 gold pieces
 14712 | Orc:2    | Found an ancient bone altar of Kikubaaqudgha.
 15481 | Orc:2    | Noticed an ogre mage
 15487 | Orc:2    | Killed an ogre mage
 15553 | Orc:2    | Found Omok's Book Emporium.
 15596 | Orc:2    | Noticed Erolcha
 15603 | Orc:2    | Killed Erolcha
 15604 | Orc:2    | Reached skill level 8 in Armour
 15609 | Orc:2    | Found Huosecen's Distillery.
 15610 | Orc:2    | Noticed an ogre mage
 15628 | Orc:2    | Killed an ogre mage
 15766 | Orc:2    | Bought a potion of heal wounds for 65 gold pieces
 15766 | Orc:2    | Bought 2 potions of curing for 78 gold pieces
 15766 | Orc:2    | Bought a potion of curing for 39 gold pieces
 15787 | Orc:2    | Found a radiant altar of Vehumet.
 15807 | Orc:2    | Found Hiyghuo's Jewellery Emporium.
 15991 | Lair:1   | Entered Level 1 of the Lair of Beasts
 16285 | Lair:1   | Reached skill level 9 in Armour
 16307 | Lair:1   | Noticed a catoblepas
 16317 | Lair:1   | Reached XP level 13. HP: 96/111 MP: 18/18
 16325 | Lair:1   | Reached skill level 1 in Dodging
 16753 | Lair:1   | Reached skill level 10 in Fighting
 17012 | Lair:2   | Found a glowing silver altar of Zin.
 17386 | Lair:2   | Found a runed translucent door.
 17397 | Lair:2   | Noticed SirDiesAlot's ghost (journeyman OpAE)
 17924 | Lair:2   | Killed SirDiesAlot's ghost
 17977 | Lair:2   | Identified the ring "Fofiu" {rPois Int+3 Stlth+}
 18200 | Lair:3   | Found a hole to the Spider Nest.
 18341 | Lair:3   | Reached skill level 10 in Invocations
 18420 | Lair:3   | Got Sif Muna's Quarto of Metallic Ensorcelling
 18456 | Lair:3   | Found a staircase to the Shoals.
 18461 | Lair:3   | Reached skill level 5 in Dodging
 18874 | Lair:3   | Noticed Kirke
 18892 | Lair:3   | Killed Kirke
 19034 | Lair:3   | Noticed Amaemon
 19057 | Lair:3   | Killed Amaemon
 19630 | Lair:4   | Noticed Tollund's ghost (journeyman DsFE)
 19645 | Lair:4   | Found a bloodstained altar of Trog.
 19652 | Lair:4   | Found a transporter.
 19751 | Lair:4   | Found a transporter.
 19782 | Lair:4   | Reached XP level 14. HP: 111/127 MP: 21/21
 19835 | Lair:4   | Reached skill level 10 in Armour
 20328 | Lair:5   | Entered Level 5 of the Lair of Beasts
 20601 | Lair:4   | Reached skill level 11 in Armour
 20926 | Lair:5   | Reached ****** piety under Dithmenos
 21002 | Lair:5   | Found a staircase to the Slime Pits.
 21002 | Lair:5   | Found a viscous altar of Jiyva.
 21360 | Lair:5   | Reached skill level 12 in Armour
 21856 | Lair:5   | Found a broken altar of Ashenzari.
 22254 | Lair:5   | Reached skill level 13 in Armour
 22600 | Orc:2    | Bought an amulet of regeneration for 480 gold pieces
 23591 | D:12     | Found the +3 giant club "Skullcrusher" {speed, Str+7}
 23604 | D:12     | Identified the +4 falchion of Peril {chaos, *Slow rPois rF+
                  | SInv}
 23695 | D:12     | Reached XP level 15. HP: 131/137 MP: 23/23
 23755 | D:12     | Found Jorheth's Antique Armour Emporium.
 24049 | D:13     | Found a stormy altar of Qazlal.
 24175 | D:13     | Found a frozen archway.
 24217 | IceCv    | Entered an ice cave
 24242 | IceCv    | Identified a scroll of acquirement
 24252 | IceCv    | Found a transporter.
 24261 | IceCv    | Found a transporter.
 24264 | IceCv    | Acquired the +7 kite shield of a Labyrinth {+Inv rN+ rCorr
                  | Int+2}
 24357 | D:13     | Reached skill level 10 in Shields
 25259 | D:14     | Reached skill level 14 in Armour
 25500 | D:14     | Found a burning altar of Makhleb.
 25594 | D:14     | Got Nateuph's Compilation of the Foggy Tundra
 25649 | D:14     | Found a broken altar of Ashenzari.
 25793 | D:14     | Found a gate to the Vaults.
 25845 | D:15     | Entered Level 15 of the Dungeon
 26243 | D:15     | Found Zowa Tem's Elemental Accessories.
 26315 | D:15     | Reached skill level 15 in Armour
 26560 | D:15     | Found a glowing golden altar of the Shining One.
 26564 | D:15     | Found a glowing silver altar of Zin.
 26570 | D:15     | Found a white marble altar of Elyvilon.
 27172 | D:15     | Found a staircase to the Depths.
 27431 | D:15     | Found a shimmering blue altar of Sif Muna.
 27710 | Spider:1 | Entered Level 1 of the Spider Nest
 27728 | Spider:1 | Noticed an emperor scorpion
 27730 | Spider:1 | Reached XP level 16. HP: 124/145 MP: 24/24
 28066 | Spider:1 | Noticed Asterion
 28072 | Spider:1 | Killed Asterion
 28131 | Spider:1 | Reached skill level 15 in Shields
 28152 | Spider:1 | Reached skill level 16 in Armour
 28216 | Spider:1 | Noticed Donald
 28376 | Spider:1 | Killed Donald
 28559 | Spider:1 | Noticed Roxanne
 28575 | Spider:1 | Killed Roxanne
 28667 | Spider:1 | Reached skill level 1 in Evocations
 30880 | Spider:3 | Reached skill level 15 in Fighting
 31066 | Spider:4 | Entered Level 4 of the Spider Nest
 31129 | Spider:4 | Reached XP level 17. HP: 70/156 MP: 3/25
 31677 | Spider:4 | Reached skill level 5 in Evocations
 32553 | Spider:4 | Got a gossamer rune of Zot
 32746 | Shoals:1 | Entered Level 1 of the Shoals
 32934 | Shoals:1 | Found a runed translucent gate.
 32937 | Shoals:1 | Found a runed translucent gate.
 32941 | Shoals:1 | Found a runed translucent gate.
 33016 | Shoals:1 | Noticed Hiprater's ghost (adept MiBe)
 33159 | Shoals:1 | Reached skill level 17 in Armour
 33271 | Shoals:1 | You fall into a shaft and drop 1 floor!
 34127 | Shoals:2 | Found Vamu's Distillery.
 34188 | Shoals:3 | Found Kygec's Specific Store.
 34233 | Shoals:3 | Reached XP level 18. HP: 151/168 MP: 26/26
 34250 | Shoals:3 | Found Kokiezao's General Store.
 34398 | Shoals:3 | Noticed Jorgrun
 34647 | Shoals:3 | Killed Jorgrun
 34976 | Shoals:4 | Entered Level 4 of the Shoals
 35262 | Shoals:4 | Reached skill level 18 in Armour
 35886 | Shoals:4 | Identified the +4 battleaxe of Wyrd {venom, +Blink rPois
                  | Dex-3}
 36038 | Shoals:4 | Got the Quarto of the Rocks
 36137 | Shoals:4 | Got a barnacled rune of Zot
 36179 | Shoals:4 | Found Nasiev's Weapon Shoppe.
 36685 | Vaults:1 | Entered Level 1 of the Vaults
 36950 | Vaults:1 | Paralysed by a formless jellyfish for 1 turns
 36955 | Vaults:1 | Reached skill level 10 in Evocations
 37239 | Vaults:1 | Got Foaklirr's Almanac of Feathers
 38031 | Vaults:1 | Reached XP level 19. HP: 179/179 MP: 27/27
 38707 | Vaults:2 | Found a crumbling gateway.
 38745 | Desolati | Entered the Desolation of Salt
 38886 | Desolati | Reached skill level 1 in Stealth
 39028 | Desolati | Identified the ring of the Evil One {Fly rCorr Str-3
                  | Slay+3}
 39056 | Desolati | Identified the ring "Faepyreg" {rPois Str+6 SInv}
 39062 | Desolati | Got the Quarto of Fog and Malisons
 39568 | Desolati | Identified the +7 halberd of Recklessness {distort, rC++
                  | Str+3 Dex+2}
 39611 | Desolati | Got the Omnibus of Numb Companions
 39687 | Desolati | Reached skill level 10 in Dodging
 40949 | Vaults:2 | Reached skill level 5 in Stealth
 41154 | Vaults:2 | Found a staircase to the Crypt.
 41572 | Vaults:2 | Reached XP level 20. HP: 191/191 MP: 28/28
 41659 | Vaults:2 | Paralysed by a formless jellyfish for 1 turns
 43873 | Vaults:3 | Reached skill level 19 in Armour
 44258 | Vaults:4 | Noticed Saint Roka
 44274 | Vaults:4 | Killed Saint Roka
 44478 | Vaults:4 | Noticed Margery
 44500 | Vaults:4 | Killed Margery
 44556 | Vaults:4 | Found Vusakhlyrch's Antique Weapon Boutique.
 44956 | Vaults:4 | Paralysed by a formless jellyfish for 1 turns
 44959 | Vaults:4 | Reached skill level 20 in Armour
 45538 | Orc:2    | Bought a manual of Dodging for 1440 gold pieces
 45584 | Elf:1    | Entered Level 1 of the Elven Halls
 45634 | Elf:1    | Reached skill level 10 in Stealth
 46194 | Elf:1    | Reached XP level 21. HP: 198/198 MP: 29/29
 46920 | Elf:2    | Found Ylosuk's Antique Weapon Shop.
 46923 | Elf:2    | Found Koukits's Assorted Antiques.
 47156 | Elf:2    | Reached skill level 15 in Dodging
 47344 | Elf:2    | Found a runed translucent gate.
 47344 | Elf:2    | Found a runed translucent gate.
 47345 | Elf:2    | Found a runed translucent gate.
 47486 | Elf:1    | Found a radiant altar of Vehumet.
 47627 | Elf:3    | Entered Level 3 of the Elven Halls
 48579 | Abyss:4  | Cast into level 4 of the Abyss (a deep elf sorcerer)
 48653 | Abyss:4  | Found a corrupted altar of Lugonu.
 48702 | Abyss:5  | Got an abyssal rune of Zot
 49410 | Elf:3    | Escaped the Abyss
 49465 | Elf:3    | Paralysed by an air elemental for 1 turns
 49469 | Elf:3    | Identified the ring "Nocvaobb" {Str+6 Dex+3}
 49726 | Elf:3    | Identified the +6 falchion "Mubuss" {holy, rCorr Stlth+}
 49768 | Elf:3    | Got the Encyclopedia of the Stormy Plateau
 49787 | Elf:3    | Got the Directory of Dogma
 49797 | Elf:3    | Got Wurimig's Volume of Terrestrial Concussion
 49878 | Elf:3    | Reached XP level 22. HP: 202/205 MP: 30/30
 50304 | Depths:1 | Entered Level 1 of the Depths
 50368 | Depths:1 | Found Goytt's Antique Armour Shop.
 50398 | Depths:1 | Found a gateway to Hell.
 50814 | Depths:1 | Reached skill level 21 in Armour
 50830 | Depths:1 | Found a one-way gate leading to the halls of Pandemonium.
 50958 | Depths:1 | Found a sparkling altar of Nemelex Xobeh.
 52140 | Depths:2 | Found a one-way gate to the infinite horrors of the Abyss.
 52144 | Depths:2 | Noticed Louise
 52161 | Depths:2 | Killed Louise
 52465 | Depths:2 | Noticed the Enchantress
 52657 | Depths:2 | Killed the Enchantress
 53296 | Depths:4 | Entered Level 4 of the Depths
 53296 | Depths:4 | Noticed a caustic shrike
 53297 | Depths:4 | Noticed a caustic shrike
 53297 | Depths:4 | Noticed a caustic shrike
 53326 | Depths:3 | Found a corrupted altar of Lugonu.
 53434 | Depths:3 | Reached skill level 10 in Throwing
 53594 | D:15     | Bought a tin of tremorstones (2/2) for 400 gold pieces
 54040 | Depths:3 | Found a portal to a secret trove of treasure.
 54079 | Depths:3 | You fall into a shaft and drop 1 floor!
 54459 | Depths:4 | Noticed a caustic shrike
 54477 | Depths:3 | Killed a caustic shrike
 54609 | Depths:4 | Killed a caustic shrike
 54610 | Depths:4 | Killed a caustic shrike
 54615 | Depths:4 | Killed a caustic shrike
 54616 | Depths:4 | Reached XP level 23. HP: 213/213 MP: 31/31
 54923 | Depths:4 | Identified the +1 spear of the Tortured God {heavy, rC+}
 55323 | Depths:4 | Identified the +6 dagger of the Telling Moth {drain, Will+
                  | Str+2 Int+4}
 55442 | Depths:4 | Found a one-way gateway to a ziggurat.
 55695 | Depths:4 | Found a blossoming altar of Fedhas.
 55696 | Depths:4 | Noticed Xtahua
 55716 | Depths:4 | Killed Xtahua
 55927 | Depths:4 | Found a gate to the Realm of Zot.
 56059 | Depths:4 | Noticed Grunn
 56103 | Depths:4 | Killed Grunn
 56389 | Depths:1 | Bought a bloodstained plate armour for 1008 gold pieces
 56389 | Depths:1 | Identified the +12 plate armour of Gunoc {Dex+5} (You
                  | bought it in a shop on level 1 of the Depths)
 56877 | Orc:2    | Bought a potion of resistance for 130 gold pieces
 56877 | Orc:2    | Bought a potion of haste for 130 gold pieces
 56877 | Orc:2    | Bought a potion of enlightenment for 65 gold pieces
 57194 | Shoals:2 | Bought a potion of heal wounds for 75 gold pieces
 57194 | Shoals:2 | Bought a potion of heal wounds for 75 gold pieces
 57194 | Shoals:2 | Bought a potion of heal wounds for 75 gold pieces
 57194 | Shoals:2 | Bought a potion of might for 60 gold pieces
 57275 | Shoals:1 | Killed Hiprater's ghost
 57479 | Lair:5   | Found a burning altar of Makhleb.
 57908 | Zot:1    | Entered Level 1 of the Realm of Zot
 58528 | Zot:1    | Reached skill level 15 in Throwing
 58879 | Zot:1    | Identified the +0 kite shield of Darhoisi {rF+ Int+4}
 59298 | Zot:2    | Learned a level 1 spell: Apportation
 59403 | Zot:4    | Reached XP level 24. HP: 215/222 MP: 3/31
 60143 | Zot:4    | Noticed a Killer Klown
 60158 | Zot:4    | Noticed a Killer Klown
 60166 | Zot:4    | Killed a Killer Klown
 60170 | Zot:4    | Killed a Killer Klown
 60323 | Zot:4    | Reached skill level 22 in Armour
 60541 | Zot:5    | Entered Level 5 of the Realm of Zot
 60632 | Zot:5    | Noticed an orb of fire
 60678 | Zot:5    | Gained mutation: You are partially covered in iridescent
                  | scales. (AC +2) [an orb of fire]
 60692 | Zot:5    | Killed an orb of fire
 61347 | Zot:5    | Identified the +4 hand axe of Painful Death {spect, Int+4}
 61629 | Zot:5    | Noticed an ancient lich
 61648 | Zot:5    | Killed an ancient lich
 61648 | Zot:5    | Noticed a dread lich
 61675 | Zot:5    | Killed a dread lich
 62255 | Zot:5    | Reached skill level 23 in Armour
 62258 | Zot:5    | Noticed a Killer Klown
 62258 | Zot:5    | Noticed a Killer Klown
 62261 | Zot:5    | Noticed an orb of fire
 62261 | Zot:5    | Noticed a Killer Klown
 62261 | Zot:5    | Gained mutation: You sometimes lose your temper in combat.
                  | [an orb of fire]
 62269 | Zot:5    | Noticed a Killer Klown
 62400 | Zot:5    | Killed a Killer Klown
 62462 | Zot:5    | Killed a Killer Klown
 62651 | Zot:5    | Gained mutation: You occasionally lose the ability to drink
                  | potions when taking damage. [an orb of fire]
 62652 | Zot:5    | Gained mutation: You are occasionally teleported next to
                  | monsters. [an orb of fire]
 62656 | Zot:5    | Gained mutation: You are frail. (-10% HP) [an orb of fire]
 62672 | Zot:5    | Killed an orb of fire
 62673 | Zot:5    | Lost mutation: You are partially covered in iridescent
                  | scales. (AC +2) [potion of mutation]
 62673 | Zot:5    | Lost mutation: You occasionally lose the ability to drink
                  | potions when taking damage. [potion of mutation]
 62673 | Zot:5    | Gained mutation: You are weak. (Str -2) [potion of
                  | mutation]
 62673 | Zot:5    | Gained mutation: Your mind is acute. (Int +4, Str/Dex -1)
                  | [potion of mutation]
 62673 | Zot:5    | Lost mutation: You are weak. (Str -2) [potion of mutation]
 62673 | Zot:5    | Gained mutation: Your flesh is heat resistant. (rF+)
                  | [potion of mutation]
 62674 | Zot:5    | Lost mutation: You sometimes lose your temper in combat.
                  | [potion of mutation]
 62674 | Zot:5    | Lost mutation: You are occasionally teleported next to
                  | monsters. [potion of mutation]
 62674 | Zot:5    | Gained mutation: You are strong-willed. (Will+) [potion of
                  | mutation]
 62674 | Zot:5    | Gained mutation: You occasionally lose the ability to drink
                  | potions when taking damage. [potion of mutation]
 62674 | Zot:5    | Gained mutation: You are covered in fur. (AC +1) [potion of
                  | mutation]
 62674 | Zot:5    | Gained mutation: You have a pair of large horns on your
                  | head. [potion of mutation]
 63130 | Zot:5    | Got the Orb of Zot
 63289 | Depths:4 | Reached XP level 25. HP: 215/215 MP: 31/31
 63509 | D:11     | Noticed Wuwyrph the pandemonium lord
 63564 | D:8      | Noticed Tybbib the pandemonium lord
 63736 | D:$      | Escaped with the Orb!

Illustrated notes

Levels and vault maps discovered:
D:1:      amcnicky_arrival_underground_garden, layout_loops_ring
D:2:      layout_basic, minmay_lizard_king
D:3:      layout_basic, uniq_grinder, uniq_jessica, uniq_crazy_yiuf_cottage
D:4:      cheibrodos_greedy_goblins, layout_gridville, uniq_sigmund
D:5:      layout_cave_pods, overflow_temple_1_default
D:6:      layout_basic, minmay_temple_entry_trees
D:7:      layout_cave_pools, serial_park, serial_park_tiny_2,
          serial_park_tiny_1, serial_park_paths [serial_park_minivault_5x5_8],
          serial_park_tiny_2, serial_park_gazebo [serial_park_minivault_5x5_5],
          serial_park_tiny_2
D:8:      layout_cave_pools, serial_bayou, serial_bayou_pond_d,
          serial_bayou_crossing, serial_bayou_pond_d, serial_bayou_ford_a,
          chequers_mini_garden, st_stairs_8
D:9:      layout_roguey, orc_david_3
D:10:     layout_loops_ring, serial_shops, nicolae_shop_industrial_runoff,
          nicolae_neqoxec_dot_bat
D:11:     layout_rooms, lair_entry_dummy
D:12:     regret_index_reflect_refract, layout_loops_ring, serial_shops,
          nicolae_shop_hallway_plus
D:13:     layout_layer_cave, portal_ice_cave_entry_imps,
          nicolae_qazlal_general_emergency
D:14:     layout_rooms, david_vaults_5, bloody_makhleb,
          cheibrodos_ashenzari_chains
D:15:     hangedman_depths_entry_civil_slaughter, layout_layer_cave,
          good_gods_temple_1, nicolae_elemental_shop,
          nicolae_sif_muna_little_library
Temple:   compressed_dpeg_triangle_lava_temple
Lair:1:   layout_chaotic_city, beast_lair_carwin_11, grunt_megastairs_1
Lair:2:   layout_hall_layers, ebering_ghost_reflecting_pool, basic_altar,
          serial_bayou_shore_a
Lair:3:   layout_cave_pods, nicolae_shoals_entry_roost,
          spider_nest_entry_rubble, eino_small_chamber_without_monster,
          chequers_serial_rivers_small_3, uniq_kirke, uniq_amaemon
Lair:4:   layout_misc_corridors, gammafunk_ghost_wrathful_warriors,
          beast_lair_carwin_7
Lair:5:   evil_forest, layout_layer_cave, slime_entry_1, basic_altar
Shoals:1: layout_shoals, gammafunk_ghost_necromancy
Shoals:2: layout_shoals, serial_shops, shop
Shoals:3: layout_shoals, nicolae_specific_store, uniq_jorgrun
Shoals:4: shoals_end_grunt_garden, layout_shoals, serial_shops,
          nicolae_shop_bloodbath_and_beyond
Spider:1: layout_spider_delve, uniq_asterion, uniq_roxanne, uniq_donald
Spider:2: layout_spider_delve, nicolae_spider_world_wide_web
Spider:3: layout_spider_delve
Spider:4: hellmonk_spider_rune_bug_friends
Orc:1:    layout_caves, uniq_sonja
Orc:2:    kennysheep_orc_mage_school, layout_caves,
          nicolae_volcano_entry_vermiform
Elf:1:    eino_elf_arrival_customs, layout_loops_corners,
          nicolae_elf_shapeshifter_party, st_stairs_4, lemuel_upstairs_altar
Elf:2:    elven_hall_of_blades_hangedman_original
          [nicolae_blade_entry_crossed_weapons], layout_loops_cross,
          serial_shops, shop, drop_trap, nicolae_stop_n_shop_1
Elf:3:    minmay_elf_hall_statues, layout_gridlike
Vaults:1: hangedman_surveillance_ring, hangedman_vaults_slither, v_pattern_5,
          ontoclasm_vaults_loading_screen, nicolae_vaults_offset_grid_hallway_2,
          nicolae_vaults_asterisk, nicolae_vaults_double_plus_2,
          vaults_dpeg_doors, nicolae_vaults_cochlea, ontoclasm_vaults_pinch,
          nicolae_vaults_little_squares_1, hangedman_vaults_trim,
          vaults_room_corners, layout_vaults_big_cross
Vaults:2: portal_desolation_entry_nicolae_nacl, hangedman_vaults_river_flow,
          ontoclasm_vaults_tryst, minmay_crypt_entry_simple_corners,
          hangedman_vaults_stretched_pinwheel, nicolae_vaults_sightless_eye,
          nicolae_vaults_what_the_h, nicolae_vaults_border_crossing,
          vaults_room_door_hall, vaults_room_guarded_vault,
          nicolae_vaults_heart-shaped_vault, nicolae_vaults_tetromino_Z_1,
          nicolae_vaults_tetromino_Z_1, layout_vaults_chaotic_city
Vaults:3: grunt_vaults_funnel, nicolae_vaults_trapezoid_1,
          vaults_standard_mumra_x, nicolae_vaults_sealed_display,
          nicolae_vaults_trapezoid_lopsided_4, nicolae_vaults_cochlea,
          nicolae_vaults_more_shelving_1, v_pattern_3, v_misc_8,
          hangedman_vaults_restitches, nicolae_vaults_tetromino_L_2, v_misc_25,
          layout_vaults_ring
Vaults:4: ontoclasm_vaults_gateway, nicolae_vaults_closet_pinwheel_1,
          vaults_room_semicircle, v_misc_32, nicolae_vaults_twisting_passages,
          hangedman_vaults_capsules, nicolae_vaults_network_quinsquares
          [nicolae_vaults_network_quincunx_subvault,
          nicolae_vaults_network_quincunx_subvault,
          nicolae_vaults_network_quincunx_subvault,
          nicolae_vaults_network_quincunx_subvault], nicolae_vaults_tangram_2,
          nicolae_vaults_storage_room_statues, v_rooms_4,
          nicolae_vaults_tangram_2, vaults_room_pool, layout_vaults_maze_bifur,
          serial_shops, nicolae_shop_statue_plus, uniq_saint_roka, uniq_margery
Depths:1: layout_roguey, rand_demon_pan_entry_7,
          nemelex_xobeh_ov_fountains_minmay, serial_shops, shop,
          grunt_hell_entry_dis_old, chequers_serial_rivers_micro_c,
          hangedman_eye_storm
Depths:2: minmay_angry_zag, layout_gridlike, pan_entry,
          minmay_misc_feat_four_crosses, hell_entry,
          nicolae_abyss_entry_one_way_or_another, uniq_enchantress
Depths:3: evilmike_cross, layout_cave_pools, nicolae_trove_entry_crossroad,
          pan_entry, abyss_entry_flame_altar, hangedman_decor_slide_cut,
          hell_entry, chequers_serial_rivers_small_3, roderic_roman_lattice,
          grunt_decor_mini_mirrors, grunt_ministairs_4,
          minmay_staircase_windowed_small
Depths:4: evilmike_zot_entry_argh, layout_gridville, enter_ziggurat_c,
          serial_library_hellmonk_filled_rooms, rand_demon_pan_entry_4,
          abyss_entry, hell_entry, serial_sigils_hangedman_scratch,
          fedhas_altar_fruit_tree, kennysheep_random_hallway, uniq_xtahua,
          uniq_grunn
Zot:1:    layout_misc_corridors, grunt_ministairs_13, st_single_dragon_hoard_1
Zot:2:    layout_onion, regret_index_zotdec_onion_hex,
          regret_index_zotdec_magical_s
Zot:3:    layout_basic, regret_index_zotdec_silver_v_v_loose
Zot:4:    grunt_zot_stairs_faceoff, layout_misc_corridors
Zot:5:    layout_misc_corridors

Skill      XL: |  1  2  3  4  5  6  7  8  9 10 11 12 13 14 15 16 17 18 19 20 21 22 23 24 |
---------------+-------------------------------------------------------------------------+-----
Axes           | 3 5 6 8 10 12 14 16 18 | 18.0
Fighting       | 4 5 6 7 9 12 13 14 15 16 18 19 22 | 22.4
Shields        | 4 5 6 7 9 13 17 18 | 18.0
Throwing       | 2 4 6 11 15 16 | 16.0
Invocations    | 2 4 7 9 11 12 13 | 13.0
Armour         | 5 9 13 15 16 17 18 20 21 23 | 23.8
Dodging        | 5 8 11 13 18 19 21 | 21.0
Evocations     | 4 7 10 12 | 12.0
Stealth        | 5 10 13 | 13.2

Action                     |  1- 3 |  4- 6 |  7- 9 | 10-12 | 13-15 | 16-18 | 19-21 | 22-24 | 25-27 || total
---------------------------+-------+-------+-------+-------+-------+-------+-------+-------+-------++-------
  Melee: War axe           |    81 |    26 |   296 |   481 |   853 |  1554 |   663 |       |       ||  3954
         Headbutt          |     9 |     6 |    44 |    93 |   227 |   476 |   381 |   377 |     2 ||  1615
         Flail             |       |       |       |       |    28 |       |       |       |       ||    28
         Unarmed           |       |       |       |       |     5 |       |       |       |       ||     5
         Broad axe         |       |       |       |       |       |       |   714 |  1309 |    18 ||  2041
  Throw: Dart              |       |       |    15 |    42 |     8 |     6 |     2 |     1 |       ||    74
         Throwing net      |       |       |       |     2 |       |       |     2 |     1 |       ||     5
         Javelin           |       |       |       |     1 |       |       |     4 |       |       ||     5
   Cast: Apportation       |       |       |       |       |       |       |       |     1 |       ||     1
 Invoke: Shadow Step       |       |       |       |     1 |       |       |     2 |     5 |       ||     8
         Shadow Form       |       |       |       |       |       |       |       |     2 |       ||     2
Ability: End Transformatio |       |       |       |       |       |       |       |     2 |       ||     2
  Evoke: Wand              |       |       |       |    16 |    10 |    14 |     1 |     8 |     1 ||    50
         Lightning rod     |       |       |       |       |       |       |     3 |     4 |       ||     7
         Phantom mirror    |       |       |       |       |       |       |       |     1 |       ||     1
    Use: Potion            |     1 |     2 |    10 |     3 |     4 |     4 |    11 |    32 |       ||    67
         Scroll            |       |       |    17 |    13 |     5 |     3 |    18 |    19 |     2 ||    77
   Stab: Petrified         |       |       |       |     1 |    11 |       |       |       |       ||    12
         Petrifying        |       |       |       |       |     2 |       |       |       |       ||     2
         Distracted        |       |       |       |       |       |       |     4 |     4 |       ||     8
         Sleeping          |       |       |       |       |       |       |    14 |    14 |       ||    28
 Armour: Scale mail        |    44 |    20 |   157 |       |       |       |       |       |       ||   221
         Chain mail        |       |       |    93 |   119 |       |       |       |       |       ||   212
         Skin              |       |       |     1 |       |     7 |       |       |       |       ||     8
         Plate armour      |       |       |       |   241 |    24 |   859 |    87 |       |       ||  1211
         Crystal plate arm |       |       |       |       |   547 |       |       |       |       ||   547
         Ice dragon scales |       |       |       |       |       |   117 |   244 |       |       ||   361
         Storm dragon scal |       |       |       |       |       |       |   253 |   981 |    13 ||  1247
  Dodge: Dodged            |    44 |     6 |   122 |   115 |   189 |   351 |   359 |   729 |    11 ||  1926
  Block: Buckler           |    24 |     5 |    75 |    81 |   130 |       |       |       |       ||   315
         Tower shield      |       |       |       |       |    54 |       |       |       |       ||    54
         Kite shield       |       |       |       |       |   235 |  1573 |  1222 |  1505 |    23 ||  4558

Table legend: (Time is in decaauts)
 A = Elapsed time spent in this place.
 B = Non-inter-level travel time spent in this place.
 C = Inter-level travel time spent in this place.
 D = Time resting spent in this place.
 E = Time spent auto-exploring this place.
 F = Levels seen in this place.
 G = Mean time per level.
                   A        B        C        D        E       F      G
               +--------+--------+--------+--------+--------+-----+--------+
         Total |  63511 |  54202 |   9309 |  10247 |  26742 |  52 | 1221.4 |
       Dungeon |  18527 |  14382 |   4145 |   1870 |   9242 |  15 | 1235.1 |
        Temple |     22 |     22 |      0 |      0 |      0 |   1 |   22.0 |
          Lair |   7230 |   6201 |   1029 |    694 |   4226 |   5 | 1446.0 |
        Shoals |   4036 |   3615 |    421 |    627 |   1640 |   4 | 1009.0 |
   Spider Nest |   4722 |   4373 |    349 |    987 |   1898 |   4 | 1180.5 |
  Orcish Mines |   3755 |   2904 |    851 |    709 |   1222 |   2 | 1877.5 |
   Elven Halls |   3669 |   3257 |    412 |    467 |   1532 |   3 | 1223.0 |
        Vaults |   7010 |   6039 |    971 |    840 |   2927 |   4 | 1752.5 |
        Depths |   6388 |   5537 |    851 |   1190 |   2584 |   4 | 1597.0 |
           Zot |   5080 |   4802 |    278 |   1880 |    588 |   5 | 1016.0 |
         Abyss |    827 |    827 |      0 |      7 |    493 |   2 |  413.5 |
      Ice Cave |     78 |     78 |      0 |      9 |      0 |   1 |   78.0 |
       Volcano |   1079 |   1079 |      0 |    806 |     48 |   1 | 1079.0 |
    Desolation |   1081 |   1081 |      0 |    157 |    341 |   1 | 1081.0 |
               +--------+--------+--------+--------+--------+-----+--------+

Top non-repeatable levels by time:
   Orc:2: 2913 daAuts
   Zot:5: 2488 daAuts
Vaults:2: 2269 daAuts
Depths:4: 2226 daAuts
Vaults:1: 2131 daAuts
    D:15: 1874 daAuts
  Lair:5: 1666 daAuts
     D:5: 1625 daAuts
     D:9: 1624 daAuts
  Lair:3: 1619 daAuts
   Elf:1: 1609 daAuts
  Lair:4: 1543 daAuts
Vaults:3: 1513 daAuts
Depths:1: 1488 daAuts
   Elf:3: 1468 daAuts
